 Dungeon Crawl Stone Soup version 0.20-a0-556-g892c87b (webtiles) character file.

109 esc the Skirmisher (level 4, -2/28 HPs)
             Began as a Tengu Abyssal Knight on Feb 7, 2017.
             Was a Follower of Lugonu.
             Killed by divine providence
             ... invoked by an orc priest
              (9 damage)
             ... on level 3 of the Dungeon.
             The game lasted 00:04:07 (2061 turns).

esc the Skirmisher (Tengu Abyssal Knight)           Turns: 2061, Time: 00:04:08

Health: -2/28      AC:  4    Str: 13    XL:     4   Next: 89%
Magic:  6/6        EV: 15    Int: 13    God:    Lugonu [*.....]
Gold:   99         SH:  0    Dex: 13    Spells: 3/3 levels left

rFire    . . .     SeeInvis .   i - +2 dagger (speed)
rCold    . . .     Gourm    .   b - +0 leather armour
rNeg     . . .     Faith    .   (no shield)
rPois    .         Spirit   .   (helmet restricted)
rElec    .         Reflect  .   (no cloak)
rCorr    .         Harm     .   l - +0 pair of gloves
MR       .....                  (boots unavailable)
Stlth    +.........             (no amulet)
Regen    0.1/turn               (no ring)
                                (no ring)

@: flying quickly and evasively, quick
A: beak, talons 3
a: Depart the Abyss, Renounce Religion


You were on level 3 of the Dungeon.
You worshipped Lugonu.
Lugonu was aware of your devotion.
You were not hungry.

You visited 1 branch of the dungeon, and saw 3 of its levels.
You visited the Abyss 1 time.

You collected 99 gold pieces.

Inventory:

Hand Weapons
 a - a +1 falchion
 i - a +2 dagger of speed (weapon)
   (You took it off a goblin on level 1 of the Dungeon)
Armour
 b - a +0 leather armour (worn)
 l - a +0 pair of gloves (worn)
   (You found it on level 1 of the Dungeon)
Scrolls
 d - 2 scrolls of fear {unknown}
 e - 6 scrolls of identify {unknown}
 h - 2 scrolls of magic mapping {unknown}
 n - a scroll of amnesia {unknown}
 q - a scroll of enchant armour {unknown}
 r - 3 scrolls of immolation {unknown}
 s - 2 scrolls of remove curse {unknown}
Potions
 f - a potion of flight
 g - a potion of heal wounds {unknown}
 j - a potion of haste {unknown}
 p - a potion of brilliance {unknown}
 t - a potion of might {unknown}
 u - a potion of lignification {unknown}
Comestibles
 c - 3 bread rations {@e1}
 k - a meat ration {@e2}
 m - 2 fruits
 o - a royal jelly
 v - 11 chunks of flesh {@w0}


   Skills:
 + Level 3.6 Fighting
 + Level 3.1 Long Blades
 + Level 3.1 Armour
 + Level 2.9 Dodging
 - Level 1.5 Invocations


You had 3 spell levels left.
You didn't know any spells.

Dungeon Overview and Level Annotations

Branches:
Dungeon (3/15)

Altars:
Ashenzari


Innate Abilities, Weirdness & Mutations

You have a beak for a mouth.
You have claws for feet.


Message History

Your peck misses the orc wizard. You hit the orc wizard.
The orc wizard closely misses you.
You hit the orc wizard. You claw the orc wizard. You peck the orc wizard.
The orc wizard mumbles some strange words.
The orc wizard flickers and vanishes!
Deactivating autopickup; reactivate with Ctrl-A.
You hit something but do no damage. You barely miss something.
You claw something. Something barely misses you.
You hit something. Lugonu accepts your kill.
Reactivating autopickup.
Your Long Blades skill increases to level 3!
Your Armour skill increases to level 3!
You feel a bit more experienced.
You completely miss the orc. You claw the orc. Your peck misses the orc.
The orc closely misses you.
You barely miss the orc. You claw the orc. You closely miss the orc.
Your peck misses the orc. The orc misses you.
You hit the orc. You claw the orc.
You kill the orc!
Lugonu accepts your kill.
You hit the kobold but do no damage. You claw the kobold.
Your peck misses the kobold. You hit the kobold. Your kick misses the kobold.
The kobold hits you but does no damage.
You closely miss the kobold. You claw the kobold, but do no damage.
Your peck misses the kobold. You closely miss the kobold.
Your kick misses the kobold. The kobold hits you but does no damage.
You hit the kobold but do no damage. Your kick misses the kobold.
The kobold barely misses you.
You closely miss the kobold. You closely miss the kobold. You peck the kobold.
You kill the kobold!
Lugonu accepts your kill.
No target in view!
Items here: ))) [ †† a short sword of freezing; a whip; a dagger; a robe; a kobold corpse an orc corpse You butcher the orc corpse.
v - 9 chunks of flesh {@w0} (gained 2)
Items here: ))) [ † a short sword of freezing; a whip; a dagger; a robe; a kobold corpse You butcher the kobold corpse.
Items here: % ))) [ a short sword of freezing; a whip; a dagger; a robe 2 inedible chunks of flesh {@w0} There isn't anything to butcher here.
There isn't anything to butcher here.
v - 12 chunks of flesh {@w0} (gained 3)
Items here: % ))) [ a short sword of freezing; a whip; a dagger; a robe 2 inedible chunks of flesh {@w0}
Found a stone staircase leading down and a stone staircase leading up.
Eating one of 12 chunks of flesh {@w0}.
You eat one of the 12 chunks of flesh {@w0}.
You now have 99 gold pieces (gained 7).
Found a glowing ring mail.
An orc comes into view. It is wielding a club.
The orc shouts!
You found a teleport trap!
An orc comes into view. It is wielding a flail.
The orc shouts!
The orc throws a tomahawk.
The tomahawk hits you.
An orc wizard comes into view. It is wielding a dagger.
You take 5 damage, and have 21/28 hp.
The orc wizard shouts!
You hit the orc. You claw the orc. The orc barely misses you.
An orc comes into view. It is wielding a mace.
The orc shouts!
You hit the orc.
You kill the orc!
Lugonu accepts your kill.
The orc throws a tomahawk.
The tomahawk hits you.
You see here a tomahawk.
You take 4 damage, and have 17/28 hp.
The orc barely misses you.
The orc wizard gestures wildly while chanting.
The orc wizard blinks!
You hit the orc but do no damage. Your kick misses the orc.
Your peck misses the orc. The orc hits you with a flail!
* * * LOW HITPOINT WARNING * * *
You take 11 damage, and have 6/28 hp.
MASSIVE DAMAGE!!
It was a potion of flight.
You feel very buoyant.
You swoop lightly up into the air.
The orc misses you. x2
An ooze comes into view.
The ooze quivers.
The orc wizard casts a spell.
The orc wizard seems to speed up.
An orc priest comes into view.
It is wielding a dagger of electrocution.
The orc priest shouts!
Unknown command.
The orc wizard hits you but does no damage. x2
You see here a leather armour.
You see here a glowing ring mail.
The orc priest calls down the wrath of Beogh upon you.
Beogh smites you!
You die...

...................#.
#..........####.#.#.
#..........# #.#.#.
#.oo.......# #.#.#.
#######.().......# #.#.##
........oJ.......####.#.#
#######[........##....<.##
#.[o<....>##.##.....
#..@......# ###.##
#...^$....# #.#
#.###.##.## #.# #.#
#.##... ..# #.# #.# ####
### #.# #.# #. #.#


You could see an orc priest, an orc wizard, an ooze and 2 orcs.

Vanquished Creatures
  An orc wizard (D:3)
  3 adders (D:2)
  2 dart slugs
  3 leopard geckos
  3 orcs (D:3)
  2 giant cockroaches
  7 hobgoblins
  6 jackals (D:3)
  6 kobolds
  A bat (D:2)
  3 frilled lizards
  4 goblins
  4 rats
45 creatures vanquished.

Notes
Turn   | Place    | Note
-------+----------+-------------------------------------------
     0 | Abyss:1  | esc the Tengu Abyssal Knight began the quest for the Orb.
     0 | Abyss:1  | Reached XP level 1. HP: 14/14 MP: 3/3
    20 | Abyss:1  | Noticed a raiju
    57 | Abyss:1  | Noticed a ynoxinul
    61 | D:1      | Escaped the Abyss
   312 | D:1      | Found a shattered altar of Ashenzari.
   439 | D:1      | Reached XP level 2. HP: 18/19 MP: 4/4
   888 | D:1      | Reached * piety under Lugonu
  1046 | D:2      | Reached skill level 2 in Dodging
  1165 | D:2      | Reached XP level 3. HP: 20/23 MP: 5/5
  1414 | D:2      | Reached XP level 4. HP: 18/28 MP: 6/6
  2013 | D:3      | Reached skill level 3 in Long Blades
  2013 | D:3      | Reached skill level 3 in Armour
  2055 | D:3      | HP: 6/28 [orc/flail (11)]
  2061 | D:3      | Killed from afar by an orc priest

Vault maps used:
D:1:      roderic_dead_forest, minmay_misc_feat_rows, minmay_strange_pillars,
          evilmike_ruin_ashenzari
D:2:      first_bread
D:3:      uniq_grinder, uniq_jessica

Skill      XL: |  1  2  3  4 |
---------------+-------------+-----
Dodging        | 2 |  2.9
Long Blades    | 3 |  3.1
Armour         | 3 |  3.1
Fighting       | |  3.6
Invocations    | |  1.5

Action                   |  1- 3 |  4- 6 || total
-------------------------+-------+-------++-------
Melee: Falchion          |    10 |       ||    10
       Kick              |    22 |    21 ||    43
       Peck              |    14 |     7 ||    21
       Dagger            |    72 |    70 ||   142
Invok: Depart the Abyss  |     1 |       ||     1
  Use: Potion            |       |     1 ||     1
  Eat: Chunk             |     1 |     3 ||     4
Armor: Leather armour    |     9 |     8 ||    17
Dodge: Dodged            |    35 |    25 ||    60
       Rpst.: Falchion   |     1 |       ||     1

Vault maps used:
D:1:      roderic_dead_forest, minmay_misc_feat_rows, minmay_strange_pillars,
          evilmike_ruin_ashenzari
D:2:      first_bread
D:3:      uniq_grinder, uniq_jessica

Table legend:
 A = Turns spent in this place as a percentage of turns spent in the entire game.
 B = Non-inter-level travel turns spent in this place as a percentage of non-inter-level travel turns spent in the entire game.
 C = Inter-level travel turns spent in this place as a percentage of turns spent in this place.
 D = Turns resting spent in this place as a percentage of non-inter-level travel turns spent in this place.
 E = Turns spent auto-exploring this place as a percentage of non-inter-level travel turns spent in this place.
 F = Non-inter-level travel turns spent in this place divided by the number of levels of this place that you've seen.
                   A       B       C       D       E      F
               +-------+-------+-------+-------+-------+----------------------
         Total | 100.0 | 100.0 |   0.4 |   1.8 |  11.0 | 125.2
       Dungeon |  87.9 |  87.8 |   0.5 |   2.0 |  12.5 | 146.7
         Abyss |  12.1 |  12.2 |   0.0 |   0.0 |   0.0 |  61.0
               +-------+-------+-------+-------+-------+----------------------

Table legend:
 A = Kills in this place as a percentage of kills in entire the game.
 B = Kills by you in this place as a percentage of kills by you in the entire game.
 C = Kills by friends in this place as a percentage of kills by friends in the entire game.
 D = Other kills in this place as a percentage of other kills in the entire game.
 E = Experience gained in this place as a percentage of experience gained in the entire game.
 F = Experience gained in this place divided by the number of levels of this place that you have seen.
                   A       B       C       D       E      F
               +-------+-------+-------+-------+-------+----------------------
         Total | 100.0 | 100.0 |  -nan |  -nan | 100.0 |  39.0
       Dungeon | 100.0 | 100.0 |  -nan |  -nan | 100.0 |  52.0
               +-------+-------+-------+-------+-------+----------------------
